 Dungeon Crawl Stone Soup version 0.16.2-2-g470672f (webtiles) character file.

151134 CrazyArbalest the Sharpshooter (level 17, -3/146 (148) HPs)
             Began as a Centaur Hunter on Aug 24, 2015.
             Was an Initiate of Gozag.
             Killed from afar by a naga mage (31 damage)
             ... with an orb of energy
             ... on level 4 of the Snake Pit on Aug 25, 2015.
             The game lasted 08:26:42 (59706 turns).

CrazyArbalest the Sharpshooter (Centaur Hunter)    Turns: 59706, Time: 08:26:42

HP:   -3/146 (148)  AC: 31    Str: 27    XL:     17   Next: 0%
MP:   13/13         EV:  8    Int: 10    God:    Gozag
Gold: 10010         SH:  0    Dex: 13    Spells: 0 memorised, 16 levels left

rFire  + + .     SeeInvis .     a - +6 morningstar (crush)
rCold  + . .     Clarity  +     P - +9 chain mail "Qumetug" {rC+ Dex+2}
rNeg   . . .     SustAb   .     (no shield)
rPois  +         Gourm    .     U - +1 helmet "Ykogaas" {rF++ Int+2}
rElec  .         Spirit   .     y - +0 cloak
rCorr  .         Warding  .     F - +0 pair of gloves {Str+3}
rMut   .         Stasis   .     d - +0 centaur barding
MR     +....                    n - amulet of clarity
Stlth  ..........               Z - +3 ring of strength
                                p - ring of poison resistance

@: lethally poisoned (-3 -> -5), slowed, constricted, somewhat resistant to
hostile enchantments, extremely unstealthy
A: hooves 3, deformed body, dopey 1, speed 2, tough skin 3
a: Potion Petition, Call Merchant, Bribe Branch, Renounce Religion


You were on level 4 of the Snake Pit.
You worshipped Gozag.
Gozag was noncommittal.
You were not hungry.

You visited 5 branches of the dungeon, and saw 32 of its levels.
You also visited: Ossuary, Bailey and Volcano.

You collected 12921 gold pieces.
You spent 2818 gold pieces at shops.
You paid 93 gold pieces to Gozag.

Inventory:

Hand weapons
 a - a +6 morningstar of crushing (weapon)
 b - a +2 hand crossbow of velocity
 c - a +0 war axe of venom
 l - a +3 battleaxe
 q - a +1 arbalest of freezing
 u - the +10 sword of Jihad {holy, *Rage rN+ EV+3 Stlth-}
   (You took it off a fire giant on level 13 of the Dungeon)

   It has been blessed by the Shining One to cause great damage to the undead
   and demons.
   It affects your evasion (+3).
   It protects you from negative energy.
   It may make you go berserk in combat.
   It makes you less stealthy.
 z - a +5 mace of holy wrath
Missiles
 k - 13 bolts of flame
 m - 23 bolts of frost
 v - 107 silver bolts
 B - 70 bolts of penetration
 W - 54 bolts
Armour
 d - a +0 centaur barding (worn)
 y - a +0 cloak (worn)
 F - a +0 pair of gloves of strength (worn)
 P - the +9 chain mail "Qumetug" (worn) {rC+ Dex+2}
   (You took it off a kobold on level 6 of the Dungeon)

   It affects your dexterity (+2).
   It protects you from cold.
 U - the +1 helmet "Ykogaas" (worn) {rF++ Int+2}
   (You bought it in a shop on level 8 of the Dungeon)

   It affects your intelligence (+2).
   It greatly protects you from fire.
Jewellery
 i - an uncursed ring of teleportation
 n - an amulet of clarity (around neck)
 p - a ring of poison resistance (left hand)
 J - an uncursed amulet of stasis
 R - an uncursed ring of ice
 Y - a +5 ring of dexterity
 Z - a +3 ring of strength (right hand)
Magical devices
 g - a wand of teleportation (0)
 h - a wand of teleportation (4)
 H - a wand of hasting (4)
 K - a wand of digging (14)
Scrolls
 j - 5 scrolls of remove curse
 o - 3 scrolls of magic mapping
 s - a scroll of immolation
 w - 2 scrolls of fog
 x - a scroll of enchant armour
 D - a scroll of fear
 G - 2 scrolls of identify
 L - 5 scrolls of blinking
Potions
 e - 14 potions of curing
 r - 5 potions of heal wounds
Books
 A - a book of Changes

   Spells                             Type                      Level
   a - Beastly Appendage              Transmutation                1
   b - Sticks to Snakes               Transmutation                2
   c - Spider Form                    Transmutation/Poison         3
   d - Ice Form                       Ice/Transmutation            4
   e - Blade Hands                    Transmutation                5
Miscellaneous
 t - a disc of storms
Comestibles
 f - 26 bread rations
 Q - 4 meat rations


   Skills:
 + Level 12.4 Fighting
 - Level 1.1 Long Blades
 * Level 11.9 Maces & Flails
 * Level 19.4 Crossbows
 + Level 11.3 Armour
 + Level 7.9 Dodging
 + Level 2.3 Stealth
 + Level 0.4 Evocations


You had 16 spell levels left.
You didn't know any spells.

Dungeon Overview and Level Annotations

Branches:
Dungeon (15/15)            Temple (1/1) D:4            Lair (8/8) D:10
 Shoals (0/5) Lair:5        Snake (4/5) Lair:6        Slime (0/6) Lair:7
    Orc (4/4) D:9             Elf (0/3) Orc:4        Vaults (0/5) D:14
 Depths (0/5) D:15

Altars:
Ashenzari
Cheibriados
Dithmenos
Elyvilon
Fedhas
Gozag
Kikubaaqudgha
Makhleb
Nemelex Xobeh
Okawaru
Qazlal
Ru
Sif Muna
Trog
Vehumet
Xom
Yredelemnul
Zin
The Shining One
Beogh

Shops:
D:8 }[   D:12 ?   Orc:4 =*(

Portals:
Trove: D:12 (show abyssal rune of Zot)

Annotations:
D:4 CrazyArbalest's ghost, average CeHu
D:11 CrazyArbalest's ghost, powerful CeHu
Snake:3 Aizul
Snake:4 Vashnia


Innate Abilities, Weirdness & Mutations

You have hooves in place of feet.
Armour fits poorly on your strangely shaped body.
You cover ground very quickly.
You have extremely tough skin (AC +3).
You are dopey. (Int -2)


Message History

You closely miss the naga mage. You kick the naga mage.
The naga mage is heavily wounded.
You feel sick. The naga mage hits you with a halberd.
* * * LOW HITPOINT WARNING * * *
The naga mage constricts you.
The naga warrior hits you but does no damage.
The naga mage barely misses you.
* * * LOW HITPOINT WARNING * * *
The naga mage constricts you.
You thump the naga mage!
The naga mage is almost dead.
You feel sick.
The naga mage hits you but does no damage.
The naga mage constricts you.
The naga warrior hits you from afar with a trident!
* * * LOW HITPOINT WARNING * * *
The naga mage points at you and mumbles some strange words.
The orb of energy hits you!
You die...
Your body crumbles into a pile of gold.

##..####...####..## #.
#...###.8.###...# ##.
##...##...##[..## ##..
##...........#######...
##.........##..^......
##..N....##.........# ###
###NN.###..........#
..######..#
#N8.#.............
..(...NN..#
#@#)#.........#...
.......N....##
#.#..........####.
(N######.......#..........!.
## ..#####...#
#..............# #
.........# ##.........##...#
.....N## #.........# #..#
##..### #..###(....##..# #
#.## #..# #........# # #.#
##..# ##.......## ##


You could see a naga warrior, a naga mage and 2 nagas.

Vanquished Creatures
  Rupert (D:14)
  A fire giant (D:13)
  Donald (Snake:3)
  2 greater nagas (Snake:3)
  A vault guard (D:14)
  Snorg (Snake:4)
  A yaktaur captain (D:15)
  Josephine (D:13)
  2 ettins
  A fire dragon (Lair:8)
  Fannar (D:13)
  8 hydras
  5 naga warriors
  3 centaur warriors
  The ghost of CcS the Grappler, an experienced TrWn of Makhleb (D:9)
  2 ogre magi (Orc:4)
  2 tengu warriors
  6 death yaks
  5 anacondas
  An orc high priest (Orc:4)
  5 shock serpents
  9 naga sharpshooters
  5 skeletal warriors (D:13)
  3 salamander mystics (Snake:4)
  5 orc knights
  3 unseen horrors
  2 deep trolls
  4 naga ritualists
  9 hill giants
  5 mana vipers
  2 manticores
  12 ugly things
  9 salamanders
  An orc sorcerer (D:15)
  6 cyclopes
  6 elephants
  35 black mambas
  Maurice (D:11)
  2 guardian serpents
  4 gargoyles
  3 molten gargoyles (Volcano)
  4 torpor snails (Lair:8)
  14 spiny frogs
  Psyche (D:11)
  7 naga magi
  An efreet (D:13)
  A yaktaur (D:14)
  6 komodo dragons
  4 fire drakes
  A deep elf priest (D:13)
  A tengu conjurer (D:13)
  A polar bear (Lair:2)
  4 slime creatures
  12 trolls
  Grinder (D:3)
  8 two-headed ogres
  A boulder beetle (Lair:8)
  15 blink frogs
  3 ravens (D:15)
  2 basilisks
  2 trapdoor spiders
  3 fire elementals (Volcano)
  3 deep elf magi
  A centaur simulacrum (D:14)
  A water elemental (D:13)
  3 shadows
  A wyvern (D:12)
  A spriggan (D:8)
  33 yaks
  3 hungry ghosts
  5 wraiths
  3 vampire mosquitoes
  8 wargs
  A steam dragon (Lair:8)
  17 hippogriffs
  33 nagas
  11 wolves
  7 mottled dragons
  A soldier ant (D:13)
  4 swamp drakes (Lair:8)
  15 porcupines
  An eye of draining (D:13)
  34 water moccasins
  A necrophage (D:7)
  4 sky beasts
  2 wasps
  3 ice beasts
  32 orc warriors
  2 phantoms (D:4)
  4 black bears
  29 ogres
  Sigmund (D:5)
  A boring beetle (Lair:8)
  14 crocodiles
  22 centaurs
  Blork the orc (D:8)
  29 giant frogs
  A gnoll sergeant (D:8)
  A wyvern zombie (Ossuary)
  A big kobold (D:14)
  2 water moccasin zombies (Ossuary)
  5 scorpions
  20 killer bees
  4 electric eels
  4 wights (D:13)
  6 crimson imps
  3 bog bodies (Ossuary)
  4 centaur zombies
  2 goliath beetles (D:10)
  A quasit (D:6)
  5 giant frog zombies
  A giant frog skeleton (D:7)
  6 jellies
  Crazy Yiuf (D:3)
  5 centaur skeletons
  23 orc priests
  18 hounds
  13 iguanas
  33 orc wizards
  11 worker ants
  A killer bee zombie (Ossuary)
  37 sheep
  2 hound skeletons
  Terence (D:3)
  9 mummies
  Robin (D:3)
  22 gnolls
  83 river rats
  2 worker ant zombies
  28 adders
  A shadow imp (D:5)
  2 giant mites
  A worm (D:3)
  3 adder zombies (Ossuary)
  4 adder skeletons
  4 giant geckos
  3 oozes
  226 orcs
  3 bat skeletons
  5 bat zombies
  7 giant cockroaches
  30 hobgoblins
  10 jackals
  22 kobolds
  8 quokkas
  A ball python (D:5)
  16 bats
  A giant gecko skeleton (D:4)
  A giant gecko zombie (Ossuary)
  14 giant newts
  A giant spore (D:11)
  32 goblins
  A jackal zombie (D:7)
  A quokka skeleton (D:4)
  9 rats
  A spectral orc (D:2)
  5 ballistomycetes
  4 fungi
  6 plants
1378 creatures vanquished.

Vanquished Creatures (others)
  5 fire vortices (Volcano)
  A steam dragon (Lair:8)
  An orc wizard (Orc:3)
  A river rat (Lair:3)
  3 giant spores
  A ballistomycete (D:6)
  7 fungi
  10 plants
29 creatures vanquished.

Grand Total: 1407 creatures vanquished

Notes
Turn   | Place    | Note
--------------------------------------------------------------
     0 | D:1      | CrazyArbalest, the Centaur Hunter, began the quest for the Orb.
     0 | D:1      | Reached XP level 1. HP: 17/17 MP: 1/1
   514 | D:1      | Reached XP level 2. HP: 18/24 MP: 2/2
   876 | D:1      | Reached skill level 5 in Crossbows
  1037 | D:1      | Reached XP level 3. HP: 14/29 MP: 3/3
  1840 | D:2      | Found a basalt altar of Yredelemnul.
  1892 | D:2      | Found a glowing golden altar of the Shining One.
  2532 | D:3      | Noticed Robin
  2543 | D:2      | Reached XP level 4. HP: 29/36 MP: 3/3
  3064 | D:2      | Reached skill level 1 in Armour
  3238 | D:3      | Noticed Grinder
  3248 | D:3      | Paralysed by Grinder for 3 turns
  3374 | D:3      | Killed Robin
  3724 | D:3      | Reached XP level 5. HP: 14/42 MP: 4/4
  4095 | D:3      | Noticed Terence
  4133 | D:3      | Killed Terence
  4255 | D:3      | Noticed Crazy Yiuf
  4282 | D:3      | Killed Crazy Yiuf
  4282 | D:3      | Reached skill level 1 in Maces & Flails
  4827 | D:4      | Noticed CrazyArbalest's ghost (average CeHu)
  4844 | D:4      | Found a sand-covered staircase.
  4852 | Ossuary  | Entered an ossuary
  4965 | Ossuary  | Reached skill level 6 in Crossbows
  4965 | Ossuary  | Reached XP level 6. HP: 36/50 MP: 5/5
  5326 | Ossuary  | Reached XP level 7. HP: 25/57 MP: 5/5
  6263 | D:4      | Noticed a phantom
  6287 | D:4      | Killed a phantom
  6303 | D:4      | Found an iron altar of Okawaru.
  6428 | D:4      | Found a staircase to the Ecumenical Temple.
  6454 | Temple   | Entered the Ecumenical Temple
  6532 | Temple   | Became a worshipper of Gozag Ym Sagoz the Greedy
  6923 | D:4      | Noticed a phantom
  6937 | D:4      | Killed a phantom
  6937 | D:4      | Reached XP level 8. HP: 66/66 MP: 6/6
  7186 | D:5      | Entered Level 5 of the Dungeon
  7275 | D:5      | Reached skill level 7 in Crossbows
  7379 | D:5      | Noticed Sigmund
  7475 | D:5      | Killed Sigmund
  7633 | D:5      | Found a sacrificial altar of Ru.
  8708 | D:6      | Found an opulent altar of Gozag.
  8857 | D:6      | Reached XP level 9. HP: 64/72 MP: 7/7
  8895 | D:6      | Got a garnet-encrusted chain mail
  8912 | D:6      | Identified the +9 chain mail "Qumetug" {rC+ Dex+2} (You took it off a kobold on level 6 of the Dungeon)
  8918 | D:5      | Found a shadowy altar of Dithmenos.
  9024 | D:6      | Reached skill level 8 in Crossbows
  9106 | D:6      | Found Wuadavuiqu's Food Shoppe.
  9114 | D:6      | Bought a meat ration for 70 gold pieces
  9179 | D:6      | Found a bloodstained altar of Trog.
  9180 | D:6      | Found a sparkling altar of Nemelex Xobeh.
  9582 | D:7      | Found a snail-covered altar of Cheibriados.
  9881 | D:7      | Found an ancient bone altar of Kikubaaqudgha.
 10022 | D:7      | Reached skill level 5 in Fighting
 10142 | D:7      | Found a deep blue altar of Sif Muna.
 10144 | D:7      | Found a burning altar of Makhleb.
 10370 | D:8      | Noticed Psyche
 10512 | D:8      | Noticed Blork the orc
 10527 | D:8      | Found Biesch's Armour Boutique.
 11139 | D:8      | Found a sacrificial altar of Ru.
 11204 | D:8      | Reached skill level 9 in Crossbows
 11412 | D:8      | Killed Blork the orc
 11952 | D:8      | Reached skill level 5 in Armour
 12205 | D:8      | Found Deanair's Gadget Shoppe.
 12441 | D:8      | Reached skill level 10 in Crossbows
 12579 | D:8      | Bought the +1 helmet "Ykogaas" {rF++ Int+2} for 534 gold pieces
 12636 | D:9      | Reached XP level 10. HP: 79/79 MP: 7/7
 12721 | D:8      | Reached skill level 5 in Maces & Flails
 12867 | D:9      | Noticed CcS's ghost (experienced TrWn)
 13000 | D:8      | Reached skill level 5 in Dodging
 13267 | D:9      | Found a shimmering altar of Xom.
 13555 | D:9      | Found a staircase to the Orcish Mines.
 14224 | D:8      | Reached skill level 11 in Crossbows
 14678 | D:9      | Found a shadowy altar of Dithmenos.
 14915 | D:9      | Killed CcS's ghost
 14915 | D:9      | Reached XP level 11. HP: 30/89 MP: 8/8
 15138 | D:10     | Entered Level 10 of the Dungeon
 15537 | D:10     | Found a staircase to the Lair.
 16022 | D:10     | Noticed a hill giant
 16088 | D:10     | Killed a hill giant
 16621 | D:6      | Bought a slice of pizza for 21 gold pieces
 16621 | D:6      | Bought a beef jerky for 21 gold pieces
 16621 | D:6      | Bought a slice of pizza for 21 gold pieces
 16624 | D:6      | Bought a bread ration for 70 gold pieces
 16624 | D:6      | Bought a bread ration for 70 gold pieces
 16624 | D:6      | Bought a meat ration for 70 gold pieces
 16624 | D:6      | Bought a bread ration for 70 gold pieces
 16624 | D:6      | Bought a meat ration for 70 gold pieces
 16720 | Orc:1    | Entered Level 1 of the Orcish Mines
 18273 | Orc:2    | Reached skill level 12 in Crossbows
 19222 | Orc:3    | Noticed an ettin
 19290 | Orc:3    | Killed an ettin
 19425 | Orc:3    | Found a roughly hewn altar of Beogh.
 20166 | Orc:2    | Found a burning altar of Makhleb.
 20397 | Orc:4    | Entered Level 4 of the Orcish Mines
 20571 | Orc:4    | Found a staircase to the Elven Halls.
 21148 | Orc:4    | Reached XP level 12. HP: 31/100 MP: 9/9
 21904 | Orc:4    | Noticed a hill giant
 22010 | Orc:4    | Killed a hill giant
 22010 | Orc:4    | Reached skill level 13 in Crossbows
 22966 | Orc:4    | Noticed an ogre mage
 22995 | Orc:4    | Killed an ogre mage
 23073 | Orc:4    | Found Bluugih's Jewellery Emporium.
 23074 | Orc:4    | Found Oni Clun's Weapon Shoppe.
 23076 | Orc:4    | Noticed a deep troll
 23083 | Orc:4    | Noticed a hill giant
 23153 | Orc:4    | Reached skill level 1 in Stealth
 23168 | Orc:4    | Killed a hill giant
 23267 | Orc:4    | Killed a deep troll
 23835 | Orc:3    | Reached skill level 14 in Crossbows
 23964 | Orc:4    | Found Klauvvan's Food Shop.
 23969 | Orc:4    | Found Pnyol's Assorted Antiques.
 23970 | Orc:4    | Noticed a deep troll
 23971 | Orc:4    | Noticed an ogre mage
 23976 | Orc:4    | Bought a meat ration for 55 gold pieces
 23976 | Orc:4    | Bought a meat ration for 55 gold pieces
 23976 | Orc:4    | Bought a meat ration for 55 gold pieces
 23976 | Orc:4    | Bought a meat ration for 55 gold pieces
 24319 | Orc:3    | Killed a deep troll
 24646 | Orc:4    | Killed an ogre mage
 24895 | Orc:4    | Bought a silver wand for 128 gold pieces
 24895 | Orc:4    | Bought a scroll of identify for 64 gold pieces
 24895 | Orc:4    | Bought a black potion for 28 gold pieces
 24964 | Orc:4    | Bought a bread ration for 55 gold pieces
 24964 | Orc:4    | Bought a beef jerky for 16 gold pieces
 24964 | Orc:4    | Bought a bread ration for 55 gold pieces
 24964 | Orc:4    | Bought a bread ration for 55 gold pieces
 24964 | Orc:4    | Bought a bread ration for 55 gold pieces
 24964 | Orc:4    | Bought a bread ration for 55 gold pieces
 25726 | D:3      | Paralysed by Grinder for 2 turns
 25732 | D:3      | Killed Grinder
 25888 | D:6      | Bought 2 fruits for 42 gold pieces
 26701 | D:11     | Killed Psyche
 26744 | D:11     | Noticed CrazyArbalest's ghost (powerful CeHu)
 27513 | D:11     | Reached XP level 13. HP: 80/108 MP: 9/9
 27612 | D:11     | Noticed Maurice
 27630 | D:11     | Killed Maurice
 27970 | Lair:1   | Entered Level 1 of the Lair of Beasts
 28927 | Orc:4    | Bought an uncursed ring of poison resistance for 300 gold pieces
 30220 | Lair:2   | Reached skill level 15 in Crossbows
 30254 | Lair:2   | Found a dark tunnel.
 30446 | Volcano  | Entered a volcano
 35371 | Lair:4   | Reached skill level 10 in Fighting
 35639 | Lair:4   | Reached XP level 14. HP: 119/119 MP: 10/10
 36817 | Lair:5   | Found a staircase to the Shoals.
 37021 | Lair:5   | Found a staircase to the Snake Pit.
 37910 | Lair:6   | Found a staircase to the Snake Pit.
 39088 | Lair:7   | Found a staircase to the Slime Pits.
 40462 | Lair:8   | Entered Level 8 of the Lair of Beasts
 40512 | Lair:7   | Reached skill level 16 in Crossbows
 41134 | Lair:8   | Identified a scroll of acquirement
 41215 | Lair:8   | Reached skill level 10 in Armour
 41406 | Lair:8   | Found a snail-covered altar of Cheibriados.
 43614 | Snake:1  | Entered Level 1 of the Snake Pit
 44325 | D:12     | Found a portal to a secret trove of treasure.
 44727 | D:12     | Found Prir's Magic Scroll Boutique.
 44730 | D:12     | Bought a scroll of acquirement for 728 gold pieces
 44761 | D:12     | Reached XP level 15. HP: 81/126 MP: 12/12
 45558 | D:13     | Reached skill level 17 in Crossbows
 45945 | D:13     | Identified the Tome of Summoning
 46106 | D:13     | Noticed Josephine
 46130 | D:13     | Killed Josephine
 46371 | D:13     | Reached skill level 1 in Long Blades
 46687 | D:13     | Noticed Fannar
 46718 | D:13     | Killed Fannar
 46718 | D:13     | Reached skill level 10 in Maces & Flails
 47304 | D:14     | Found a flagged portal.
 47472 | Bailey   | Entered a bailey
 48977 | D:14     | Noticed Rupert
 49116 | D:14     | Killed Rupert
 49557 | D:14     | Reached skill level 18 in Crossbows
 50008 | D:14     | Found a gate to the Vaults.
 50208 | D:15     | Entered Level 15 of the Dungeon
 50832 | D:15     | Found a staircase to the Depths.
 51022 | D:15     | Paralysed by an orc sorcerer for 6 turns
 51858 | Snake:1  | Reached XP level 16. HP: 137/137 MP: 12/12
 52110 | Snake:1  | Got a crystal falchion
 55848 | Snake:3  | Noticed Donald
 55900 | Snake:3  | Killed Donald
 56143 | Snake:3  | Reached skill level 19 in Crossbows
 57091 | Snake:4  | Noticed Aizul
 57524 | Lair:2   | Identified the +4 falchion "Hydrabane" {flame, Contam MR+ MP+9 Str+5 SInv} (You found it on level 1 of the Snake Pit)
 57564 | Lair:2   | Gained mutation: You are dopey. (Int -2) [mutagenic glow]
 58929 | Snake:4  | Noticed Snorg
 58935 | Snake:4  | Killed Snorg
 59615 | Snake:4  | Noticed Vashnia
 59696 | Snake:4  | Reached XP level 17. HP: 56/146 MP: 13/13
 59706 | Snake:4  | Killed from afar by a naga mage

Action                   |  1- 3 |  4- 6 |  7- 9 | 10-12 | 13-15 | 16-18 || total
-------------------------+-------+-------+-------+-------+-------+-------++-------
Melee: Club              |   212 |    58 |       |       |       |       ||   270
       Short sword       |     8 |       |       |       |       |       ||     8
       Mace              |       |   113 |   514 |   133 |    39 |       ||   799
       Flail             |       |    16 |       |    12 |       |       ||    28
       War axe           |       |       |       |   905 |  1828 |       ||  2733
       Whip              |       |       |       |       |    79 |       ||    79
       Eudemon blade     |       |       |       |       |    65 |       ||    65
       Morningstar       |       |       |       |       |    64 |   499 ||   563
 Fire: Hand crossbow     |    14 |    40 |   106 |   288 |   606 |   227 ||  1281
Evoke: Wand              |       |       |       |     1 |     3 |     3 ||     7
  Use: Scroll            |       |       |     5 |    15 |    25 |     4 ||    49
       Potion            |       |       |     2 |       |     6 |     6 ||    14
 Stab: Distracted        |       |       |     1 |     1 |     9 |       ||    11
       Confused          |       |       |       |       |     1 |       ||     1
  Eat: Chunk             |     4 |     7 |       |       |       |       ||    11
       Bread ration      |       |       |     2 |     3 |       |       ||     5
       Pizza             |       |       |     3 |     2 |     2 |     1 ||     8
       Fruit             |       |       |     4 |     2 |    16 |     3 ||    25
       Meat ration       |       |       |     1 |     4 |     9 |     3 ||    17
       Beef jerky        |       |       |       |     2 |     3 |     1 ||     6
